 Seeded DCSS version 0.30-a0-743-gbfdf073431 (webtiles) character file.

Game seed: 8569270324503026532 (custom seed)

21263 a11behringer the Severer (level 12, -1/110 HPs)
             Began as a Minotaur Berserker on Feb 8, 2023.
             Was a High Priest of Trog.
             Slain by a 12-headed hydra (5 damage)
             ... on level 13 of the Dungeon.
             The game lasted 00:31:39 (10841 turns).

a11behringer the Severer (Minotaur Berserker)      Turns: 10841, Time: 00:31:40

Health: -1/110     AC: 18    Str: 26    XL:     12   Next: 52%
Magic:  11/11      EV: 11    Int:  4    God:    Trog [*****.]
Gold:   421        SH:  0    Dex: 11    Spells: 11/11 levels left

rFire   . . .      SeeInvis .    B - +3 halberd
rCold   . . .      Faith    .    (shield currently unavailable)
rNeg    . . .      Spirit   .    d - +0 plate armour
rPois   +          Reflect  .    i - +0 hat
rElec   .          Harm     .    N - +0 cloak
rCorr   .          Rampage  .    (no gloves)
Will    +....                    O - +0 pair of boots Stlth
                                 (no amulet)
HPRegen 0.38/turn                q - ring of willpower
MPRegen 0.12/turn                A - ring of poison resistance

@: no status effects
A: horns 2, retaliatory headbutt
a: Renounce Religion, Berserk, Trog's Hand, Brothers in Arms


You were on level 13 of the Dungeon.
You worshipped Trog.
Trog was extremely pleased with you.
You visited 1 branch of the dungeon, and saw 13 of its levels.

You collected 688 gold pieces.
You spent 267 gold pieces at shops.

Inventory:

Hand Weapons
 u - the +10 sling "Goblin's Regret" {freeze, rElec Dex+3}
   (You found it on level 2 of the Dungeon)

   Dex:       It affects your dexterity (+3).
   rElec:     It insulates you from electricity.
 B - a +3 halberd (weapon)
 L - a +4 war axe of draining
 Q - a +4 battleaxe of freezing
Missiles
 g - a throwing net (quivered)
Armour
 d - a +0 plate armour (worn)
 i - a +0 hat (worn)
 n - a +0 buckler of protection
 p - a +1 chain mail of poison resistance
 N - a +0 cloak (worn)
 O - a +0 pair of boots (worn)
 P - a scarf of harm
Jewellery
 b - a ring of ice
 q - a ring of willpower (left hand)
 A - a ring of poison resistance (right hand)
 D - a ring of fire
 J - the ring of Buer {rCorr MP+9 Int+2 Dex-2}
   (You took it off a kobold on level 6 of the Dungeon)

   [ring of magical power]

   Int:       It affects your intelligence (+2).
   Dex:       It affects your dexterity (-2).
   MP:        It affects your magic capacity (+9).
   rCorr:     It protects you from acid and corrosion.
 S - a ring of fire
 T - a ring of willpower
Wands
 h - a wand of paralysis (3)
 o - a wand of flame (25)
 C - a wand of roots (24)
 R - a wand of acid (15)
Scrolls
 a - a scroll of poison {unknown}
 f - a scroll of torment
 j - 4 scrolls of blinking
 m - 6 scrolls of enchant armour
 r - 3 scrolls of teleportation
 s - a scroll of fog
 v - 6 scrolls of immolation
 y - a scroll of magic mapping {unknown}
 E - a scroll of brand weapon
 G - 3 scrolls of enchant weapon
 K - a scroll of amnesia {unknown}
 X - a scroll of summoning {unknown}
 Y - 2 scrolls of fear
Potions
 c - 2 potions of curing
 e - a potion of flight {unknown}
 k - 4 potions of lignification
 l - 2 potions of brilliance
 t - 4 potions of resistance
 w - 3 potions of mutation
 z - 2 potions of might
 H - a potion of ambrosia {unknown}
 I - 4 potions of heal wounds
 M - 2 potions of magic
 U - 2 potions of berserk rage
 Z - a potion of invisibility {unknown}
Miscellaneous
 W - a piece from Xom's chessboard (15/15)


   Skills:
 + Level 11.1 Fighting
 * Level 15.2 Axes
 - Level 6.0 Ranged Weapons
 + Level 11.4 Armour
 + Level 10.0 Dodging
 - Level 5.0 Shields


You had 11 spell levels left.
You didn't know any spells.
Your spell library was empty.

Dungeon Overview and Level Annotations

Branches:
Dungeon (13/15)            Temple (0/1) D:7            Lair (0/5) D:11
    Orc (0/2) D:12
 Vaults: D:13-14

Altars:
Cheibriados
Vehumet
Zin
Jiyva

Shops:
D:5 (   D:7 =?:?   D:9 :

Annotations:
D:11 3 runed translucent doors, SpyderV's ghost, novice MiFi


Innate Abilities, Weirdness & Mutations

You have a pair of horns on your head.
You reflexively headbutt those who attack you in melee.


Message History

The nine-headed hydra grows two more!
You puncture the 11-headed hydra!
The 11-headed hydra is moderately wounded.
The 11-headed hydra bites you. The 11-headed hydra barely misses you.
The 11-headed hydra bites you but does no damage.
The 11-headed hydra closely misses you. The 11-headed hydra barely misses you.
The 11-headed hydra bites you but does no damage.
The 11-headed hydra completely misses you.
The 11-headed hydra bites you.
The 11-headed hydra bites you but does no damage.
The 11-headed hydra bites you!
* * * LOW HITPOINT WARNING * * *
The 11-headed hydra bites you but does no damage.
The troll bites you!
* * * LOW HITPOINT WARNING * * *
The troll claws you but does no damage. x2
You lop one of the 11-headed hydra's heads off!
The ten-headed hydra grows two more!
You hit the 12-headed hydra.
The 12-headed hydra is moderately wounded.
The 12-headed hydra bites you.
* * * LOW HITPOINT WARNING * * *
The 12-headed hydra closely misses you. The 12-headed hydra bites you.
* * * LOW HITPOINT WARNING * * *
The 12-headed hydra bites you.
* * * LOW HITPOINT WARNING * * *
The 12-headed hydra bites you.
* * * LOW HITPOINT WARNING * * *
The 12-headed hydra bites you.
* * * LOW HITPOINT WARNING * * *
The 12-headed hydra bites you but does no damage. x3
The 12-headed hydra closely misses you.
The 12-headed hydra bites you but does no damage.
The 12-headed hydra completely misses you.
The troll completely misses you. The troll barely misses you.
The troll claws you but does no damage.
The 12-headed hydra attacks as you move away!
The 12-headed hydra bites you.
* * * LOW HITPOINT WARNING * * *
The 12-headed hydra bites you but does no damage. x2
The 12-headed hydra misses you. The 12-headed hydra bites you.
You die...

#############
#............
#............
#............
#.....?......
#............
#....T.......
#D# #@# #.#
#.# #.## #..#
##.# #.##
#..# ##.#


You could see a 12-headed hydra and a troll.

Vanquished Creatures
  A centaur warrior (D:13)
  2 two-headed ogres
  The ghost of bande the Cleaver, a journeyman GrFi of Okawaru (D:10)
  A boulder beetle (D:12)
  Urug (D:12)
  Nergalle (D:12)
  3 cyclopes
  An ugly thing (D:9)
  A deep elf pyromancer (D:12)
  A manticore (D:13)
  Maurice (D:8)
  Joseph (D:8)
  3 unseen horrors
  A gargoyle (D:12)
  A rime drake (D:11)
  3 kobold demonologists
  A komodo dragon (D:9)
  2 trolls (D:11)
  2 hornets
  Sigmund (D:2)
  5 slime creatures (D:12)
  5 shadows
  2 wraiths (D:12)
  2 wyverns
  9 yaks
  3 vampires
  2 vampire mosquitoes (D:12)
  A steam dragon (D:8)
  Menkaure (D:7)
  2 acid dragons
  2 water moccasins
  6 orc warriors
  6 ice beasts
  2 wolves (D:11)
  6 kobold brigands
  5 bullfrogs
  A necrophage (D:7)
  A gnoll sergeant (D:8)
  A scorpion (D:6)
  11 wights
  8 killer bees
  An electric eel (D:6)
  A howler monkey (D:7)
  A jelly (D:8)
  2 gnoll boudas
  8 orc priests
  4 hounds
  An iguana (D:5)
  8 orc wizards
  7 adders
  15 gnolls
  2 white imps
  4 worms
  3 dart slugs
  44 orcs
  5 endoplasms
  3 giant cockroaches
  10 goblins
  7 hobgoblins
  4 jackals (D:3)
  30 kobolds
  3 quokkas
  7 ball pythons
  9 bats
  4 frilled lizards
  5 rats
298 creatures vanquished.

Vanquished Creatures (collateral kills)
  2 two-headed ogres (D:9)
  3 yaks (D:9)
  An orc warrior (D:9)
  An orc wizard (D:9)
  2 orcs (D:9)
9 creatures vanquished.

Vanquished Creatures (others)
  A sky beast (D:5)
1 creature vanquished.

Grand Total: 308 creatures vanquished

Notes
Turn   | Place    | Note
-------+----------+-------------------------------------------
     0 | D:1      | a11behringer the Minotaur Berserker began the quest for the
                  | Orb.
     0 | D:1      | Reached XP level 1. HP: 19/19 MP: 0/0
    45 | D:1      | Reached XP level 2. HP: 18/27 MP: 1/1
    67 | D:1      | Reached skill level 4 in Axes
   211 | D:1      | Reached XP level 3. HP: 33/33 MP: 2/2
   344 | D:1      | Reached ** piety under Trog
   450 | D:2      | Noticed Sigmund
   456 | D:2      | Killed Sigmund
   457 | D:2      | Reached skill level 5 in Axes
   457 | D:2      | Reached XP level 4. HP: 41/41 MP: 3/3
   457 | D:2      | Reached XP level 5. HP: 47/47 MP: 4/4
   462 | D:2      | Identified the +10 sling "Goblin's Regret" {freeze, rElec
                  | Dex+3}
  1117 | D:3      | Reached XP level 6. HP: 7/53 MP: 5/5
  1687 | D:3      | Reached skill level 5 in Armour
  1701 | D:3      | Reached skill level 6 in Axes
  1742 | D:3      | Reached *** piety under Trog
  2385 | D:5      | Entered Level 5 of the Dungeon
  2515 | D:5      | Noticed a water moccasin
  2523 | D:5      | Killed a water moccasin
  2524 | D:5      | Reached skill level 5 in Fighting
  2524 | D:5      | Reached XP level 7. HP: 61/61 MP: 6/6
  2700 | D:5      | Found Zeiru's Weapon Boutique.
  3076 | D:6      | Reached skill level 7 in Axes
  3258 | D:6      | Reached XP level 8. HP: 66/70 MP: 7/7
  3261 | D:6      | Reached skill level 8 in Axes
  3333 | D:6      | Identified the ring of Buer {rCorr MP+9 Int+2 Dex-2}
  3337 | D:6      | Reached skill level 5 in Dodging
  3832 | D:7      | Found a snail-covered altar of Cheibriados.
  3842 | D:7      | Found Ypurumut's Magic Scroll Emporium.
  3864 | D:7      | Bought a scroll of enchant weapon for 90 gold pieces
  3864 | D:7      | Bought 3 scrolls of identify for 72 gold pieces
  4103 | D:7      | Found a staircase to the Ecumenical Temple.
  4301 | D:7      | Reached skill level 9 in Axes
  4424 | D:7      | Noticed Menkaure
  4425 | D:7      | Found Cunimoukk's Jewellery Shop.
  4429 | D:7      | Killed Menkaure
  4523 | D:7      | Found Iczom's Magic Scroll Shoppe.
  4527 | D:7      | Bought a scroll of enchant armour for 105 gold pieces
  4564 | D:7      | Found Noicvus's Book Shop.
  4770 | D:8      | Noticed Maurice
  4777 | D:8      | Killed Maurice
  4778 | D:8      | Reached XP level 9. HP: 79/79 MP: 8/8
  4786 | D:8      | Reached **** piety under Trog
  4974 | D:8      | Reached skill level 10 in Axes
  5073 | D:8      | Reached skill level 1 in Shields
  5086 | D:8      | Reached skill level 1 in Ranged Weapons
  5431 | D:8      | Noticed a two-headed ogre
  5437 | D:8      | Killed a two-headed ogre
  5438 | D:8      | Reached skill level 11 in Axes
  5438 | D:8      | Reached XP level 10. HP: 88/88 MP: 9/9
  5530 | D:8      | Noticed Joseph
  5552 | D:8      | Killed Joseph
  5831 | D:9      | Found Liluqakh's Book Shoppe.
  6024 | D:9      | Noticed a green ugly thing
  6024 | D:9      | Noticed a two-headed ogre
  6024 | D:9      | Noticed a two-headed ogre
  6061 | D:9      | Killed a two-headed ogre
  6070 | D:9      | Reached skill level 12 in Axes
  6077 | D:9      | Killed a two-headed ogre
  6123 | D:9      | Killed a green ugly thing
  6124 | D:9      | Reached skill level 5 in Shields
  6124 | D:9      | Reached XP level 11. HP: 97/97 MP: 10/10
  7202 | D:10     | Entered Level 10 of the Dungeon
  7232 | D:10     | Noticed a two-headed ogre
  7240 | D:10     | Killed a two-headed ogre
  7241 | D:10     | Reached skill level 5 in Ranged Weapons
  7633 | D:10     | Found a runed translucent door.
  7637 | D:10     | Noticed bande's ghost (journeyman GrFi)
  7966 | D:10     | Killed bande's ghost
  7967 | D:10     | Reached skill level 13 in Axes
  8029 | D:11     | Found a staircase to the Lair.
  8043 | D:11     | Reached skill level 10 in Armour
  8361 | D:11     | Reached skill level 10 in Fighting
  8782 | D:11     | Found a glowing silver altar of Zin.
  8914 | D:11     | Found a runed translucent gate.
  8914 | D:11     | Found a runed translucent gate.
  8914 | D:11     | Found a runed translucent gate.
  8915 | D:11     | Noticed SpyderV's ghost (novice MiFi)
  8920 | D:11     | Reached skill level 14 in Axes
  8938 | D:11     | Found a viscous altar of Jiyva.
  9001 | D:11     | Found Ezxefo's Magic Scroll Boutique.
  9014 | D:12     | Noticed a deep elf pyromancer
  9018 | D:12     | Noticed Urug
  9021 | D:12     | Killed a deep elf pyromancer
  9022 | D:12     | Reached XP level 12. HP: 93/107 MP: 11/11
  9028 | D:12     | Killed Urug
  9373 | D:12     | Identified the +0 rapier of Valour {drain, rF+}
  9387 | D:12     | Found a radiant altar of Vehumet.
  9510 | D:12     | Noticed Nergalle
  9517 | D:12     | Killed Nergalle
  9765 | D:12     | Noticed a boulder beetle
  9776 | D:12     | Killed a boulder beetle
  9964 | D:12     | Reached ***** piety under Trog
  9984 | D:12     | Found a staircase to the Orcish Mines.
 10439 | D:13     | Noticed a centaur warrior
 10450 | D:13     | Killed a centaur warrior
 10451 | D:13     | Reached skill level 15 in Axes
 10452 | D:13     | Reached skill level 10 in Dodging
 10830 | D:13     | Noticed an eight-headed hydra
 10839 | D:13     | HP: 4/110 [12-headed hydra (3)]
 10841 | D:13     | Slain by a 12-headed hydra

Illustrated notes

Levels and vault maps discovered:
D:1:      mrwooster_arrival_statue_2, layout_rooms
D:2:      layout_loops_ring, uniq_sigmund
D:3:      minmay_evil_eye, layout_loops_ring
D:4:      layout_basic, kennysheep_path_1
D:5:      layout_loops_ring, serial_shops, nicolae_diamond_shop
D:6:      layout_basic, serial_bayou_ford_a
D:7:      layout_gridville, mainiacjoe_overflow_catwalk,
          minmay_temple_entry_wispy, serial_shops, shop_scrolls, shop,
          nicolae_stop_n_shop_2, shop, uniq_menkaure
D:8:      layout_loops_ring, minmay_misc_feat_tiny, eino_tiny_chamber,
          uniq_joseph, uniq_maurice
D:9:      layout_stronghold, serial_shops, nicolae_shop_hallway_plus,
          grunt_potential
D:10:     layout_long_grid, ebering_ghost_reflecting_pool
D:11:     layout_roguey, hellmonk_lair_entry_icy, gammafunk_ghost_ooze,
          serial_shops, nicolae_shop_statue_plus, zin_treasury
D:12:     layout_loops_ring, david_orc_5, fiery_altar_vehumet, uniq_nergalle,
          uniq_urug
D:13:     layout_roguey [special_room_bee], special_room [special_room_orc],
          grunt_ministairs_14

Skill      XL: |  1  2  3  4  5  6  7  8  9 10 11 12 |
---------------+-------------------------------------+-----
Axes           | 4 5 6 7 9 11 12 14 15 | 15.2
Armour         | 3 4 5 6 7 8 9 10 11 | 11.4
Fighting       | 4 5 7 8 9 10 11 | 11.1
Dodging        | 3 4 6 7 9 10 | 10.0
Shields        | 3 5 |  5.0
Ranged Weapons | 2 4 6 |  6.0

Action                     |  1- 3 |  4- 6 |  7- 9 | 10-12 || total
---------------------------+-------+-------+-------+-------++-------
  Melee: Hand axe          |    47 |   121 |       |       ||   168
         Headbutt          |     6 |    27 |    36 |    70 ||   139
         War axe           |       |    26 |   115 |   105 ||   246
         Battleaxe         |       |       |    57 |   235 ||   292
         Halberd           |       |       |       |     5 ||     5
   Fire: Sling             |       |       |       |     1 ||     1
 Invoke: Berserk           |     1 |     2 |     4 |     8 ||    15
         Trog's Hand       |     1 |     2 |     1 |     5 ||     9
         Brothers in Arms  |       |       |       |     2 ||     2
    Use: Scroll            |       |       |     9 |     8 ||    17
 Armour: Animal skin       |     7 |       |       |       ||     7
         Plate armour      |    14 |    96 |   101 |   267 ||   478
  Dodge: Dodged            |    31 |    48 |    68 |   160 ||   307
  Block: Buckler           |       |       |     4 |    39 ||    43

Table legend: (Time is in decaauts)
 A = Elapsed time spent in this place.
 B = Non-inter-level travel time spent in this place.
 C = Inter-level travel time spent in this place.
 D = Time resting spent in this place.
 E = Time spent auto-exploring this place.
 F = Levels seen in this place.
 G = Mean time per level.
                   A        B        C        D        E       F      G
               +--------+--------+--------+--------+--------+-----+--------+
         Total |  11043 |  10283 |    760 |      0 |   8636 |  13 |  849.5 |
       Dungeon |  11043 |  10283 |    760 |      0 |   8636 |  13 |  849.5 |
               +--------+--------+--------+--------+--------+-----+--------+

Top non-repeatable levels by time:
    D:12: 1451 daAuts
     D:9: 1423 daAuts
     D:8: 1088 daAuts
    D:11: 1020 daAuts
     D:7: 928 daAuts
     D:3: 906 daAuts
    D:10: 822 daAuts
     D:6: 784 daAuts
     D:5: 699 daAuts
     D:2: 581 daAuts
     D:4: 478 daAuts
     D:1: 446 daAuts
    D:13: 411 daAuts
